 Dungeon Crawl Stone Soup version 0.18-a0-1577-gf591c28 (webtiles) character file.

27 M4edhros the Ducker (level 3, 0/23 HPs)
             Began as an Octopode Artificer on Mar 19, 2016.
             Slain by Sigmund
             ... wielding a +0 scythe
              (12 damage)
             ... on level 2 of the Dungeon.
             The game lasted 00:01:30 (1154 turns).

M4edhros the Ducker (Octopode Artificer)            Turns: 1154, Time: 00:01:31

Health: 0/23       AC:  1    Str: 10    XL:     3   Next: 10%
Magic:  5/5        EV: 13    Int: 14    God:
Gold:   23         SH:  0    Dex: 13    Spells: 0 memorised, 2 levels left

rFire  . . .     SeeInvis .     a - +0 short sword
rCold  . . .     Gourm    .     (no shield)
rNeg   . . .     Faith    .     (helmet restricted)
rPois  .         Spirit   .     (no amulet)
rElec  .         Dismiss  .     m - ring of wizardry
rCorr  .         Reflect  .     (no ring)
SustAt .         Harm     .     (no ring)
MR     .....                    (no ring)
Stlth  +++.......               (no ring)
                                (no ring)
                                (no ring)
                                (no ring)

@: not resistant to hostile enchantments, fairly stealthy
A: almost no armour, amphibious, 8 rings, constrict 8, camouflage 1, gelatinous
body 1
a: no special abilities


You were on level 2 of the Dungeon.
You were hungry.

You visited 1 branch of the dungeon, and saw 2 of its levels.

You collected 23 gold pieces.

Inventory:

Hand Weapons
 a - a +0 short sword (weapon)
 i - a +0 hunting sling
Jewellery
 m - a ring of wizardry (left tentacle)
Wands
 b - a wand of flame (15/48)
 c - a wand of enslavement (15/24)
 d - a wand of random effects (15/48)
Scrolls
 g - a scroll of fear {unknown}
 l - a scroll of magic mapping {unknown}
 n - a scroll of identify {unknown}
 p - a scroll of remove curse {unknown}
 r - a scroll of noise {unknown}
Potions
 e - a potion of invisibility {unknown}
 h - a potion of flight {unknown}
 j - a potion of agility {unknown}
 k - a potion of heal wounds {unknown}
 q - a potion of magic {unknown}
Comestibles
 f - a bread ration
 o - 2 meat rations


   Skills:
 - Level 1.0 Fighting
 - Level 1.0 Short Blades
 + Level 3.4 Dodging
 - Level 1.3 Stealth
 - Level 3.2 Evocations


You had 2 spell levels left.
You didn't know any spells.

Dungeon Overview and Level Annotations

Branches:
Dungeon (2/15)

Altars:

Annotations:
D:2 Sigmund


Innate Abilities, Weirdness & Mutations

You cannot wear most types of armour.
You are amphibious.
You can wear up to eight rings at the same time.
You can use your tentacles to constrict eight enemies at once.
Your skin changes colour to match your surroundings (Stealth).
Your rubbery body absorbs attacks (AC +1).


Message History

Sigmund is nearby!
Sigmund is nearby!
Sigmund is nearby!
The helpless Sigmund fails to defend himself.
You puncture Sigmund! You grab Sigmund.
Sigmund is moderately wounded.
You constrict Sigmund. Sigmund barely misses you.
You hit Sigmund but do no damage.
Sigmund is moderately wounded.
You constrict Sigmund. You hit Sigmund.
Sigmund is moderately wounded.
You constrict Sigmund.
Sigmund gestures wildly while chanting.
Sigmund flickers and vanishes!
Deactivating autopickup; reactivate with Ctrl-A.
You hit something. You constrict something. Something hits you!
You hit something. You constrict something. Something hits you!
Ouch! That really hurt!
You die...

#### # ..# #
#####.####.#.#
......{@..<..#
....#........#
# #........#
#.######## #.
##


There were no monsters in sight!

Vanquished Creatures
  A dart slug (D:1)
  3 bats (D:1)
  A giant cockroach (D:1)
  5 hobgoblins (D:1)
  2 jackals (D:1)
  4 kobolds (D:1)
  A giant newt (D:1)
  4 goblins (D:1)
  A rat (D:1)
22 creatures vanquished.

Notes
Turn   | Place    | Note
--------------------------------------------------------------
     0 | D:1      | M4edhros the Octopode Artificer began the quest for the Orb.
     0 | D:1      | Reached XP level 1. HP: 13/13 MP: 3/3
    82 | D:1      | Reached XP level 2. HP: 18/18 MP: 4/4
   912 | D:1      | Reached XP level 3. HP: 23/23 MP: 5/5
  1146 | D:2      | Noticed Sigmund
  1154 | D:2      | Slain by Sigmund

Vault maps used:
D:1:      saegor_arrival_simple_c, minmay_crystal_room, minivault_25,
          serial_bayou_ford_a
D:2:      fedhas_altar_1, uniq_sigmund, uniq_jessica

Skill      XL: |  1  2 |
---------------+-------+-----
Dodging        | 3 |  3.4
Fighting       | |  1.0
Short Blades   | |  1.0
Stealth        | |  1.3
Evocations     | |  3.2

Action                   || total
-------------------------++-------
Melee: Short sword       ||    54
 Stab: Sleeping          ||     5
       Distracted        ||     1
